 Dungeon Crawl Stone Soup version 0.20-a0-731-gecde0bf (webtiles) character file.

316 Alarkh the Slasher (level 6, -2/48 HPs)
             Began as a Mummy Monk on Feb 22, 2017.
             Slain by an orc
             ... wielding a +0 dagger
              (3 damage)
             ... on level 5 of the Dungeon.
             The game lasted 00:03:39 (3500 turns).

Alarkh the Slasher (Mummy Monk)                     Turns: 3500, Time: 00:03:40

Health: -2/48      AC:  6    Str: 14    XL:     6   Next: 20%
Magic:  6/6        EV: 13    Int: 12    God:
Gold:   176        SH:  4    Dex: 14    Spells: 5/5 levels left

rFire    x . .     SeeInvis .   b - +2 short sword (drain)
rCold    + . .     Gourm    .   n - +0 robe
rNeg     + + +     Faith    .   i - +0 buckler
rPois    ∞         Spirit   .   o - +0 helmet
rElec    .         Reflect  .   (no cloak)
rCorr    .         Harm     .   (no gloves)
MR       .....                  l - +2 pair of boots
Stlth    ++........             e - amulet of magic regeneration
Regen    0.2/turn               (no ring)
MPRegen  0.2/turn               (no ring)

@: no status effects
A: no food or potions, fire vulnerability, cold resistance 1, negative energy
resistance 3, torment resistance, unbreathing
a: no special abilities


You were on level 5 of the Dungeon.
You were not hungry.

You visited 1 branch of the dungeon, and saw 5 of its levels.

You collected 176 gold pieces.

Inventory:

Hand Weapons
 a - a +0 falchion
 b - a +2 short sword of draining (weapon)
Armour
 i - a +0 buckler (worn)
 l - a +2 pair of boots (worn)
 n - a +0 robe (worn)
 o - a +0 helmet (worn)
Jewellery
 e - an amulet of magic regeneration (around neck)
Scrolls
 c - a scroll of noise {unknown}
 d - 3 scrolls of teleportation
 f - a scroll of immolation
 g - a scroll of remove curse
 h - a scroll of magic mapping {unknown}
 j - 2 scrolls of identify {unknown}
 k - 3 scrolls of amnesia
 m - a scroll of random uselessness {unknown}


   Skills:
 + Level 3.9 Fighting
 * Level 4.2 Long Blades
 + Level 3.4 Dodging
 - Level 1.5 Stealth
 + Level 1.9 Shields


You had 5 spell levels left.
You didn't know any spells.

Dungeon Overview and Level Annotations

Branches:
Dungeon (5/15)
 Temple: D:4-7

Altars:


Innate Abilities, Weirdness & Mutations

You do not eat or drink.
Your flesh is vulnerable to fire.
You are immune to poison.
Your flesh is cold resistant. (rC+)
You are immune to negative energy. (rN+++)
You are immune to unholy pain and torment.
You can survive without breathing.


Message History

An orc comes into view. It is wielding a club.
Unknown command.
There is a stone staircase leading down here.
The orc priest calls down the wrath of Beogh upon you.
Beogh smites you!
* * * LOW HITPOINT WARNING * * *
You climb downwards.
You hear the sound of rushing water.
There is an entrance to a sewer on this level.
Hurry and find it before the portal rusts away!
There is a stone staircase leading up here.
You hit the orc but do no damage. You drain the orc!
The orc is heavily wounded.
The orc barely misses you.
You barely miss the orc.
The orc is heavily wounded.
The orc hits you but does no damage.
You hit the orc but do no damage.
The orc is heavily wounded.
The orc hits you with a dagger.
You die... ## .. #.### #.o@# #####

You could see an orc.

Vanquished Creatures
  A centaur (D:4)
  2 hounds (D:4)
  An orc wizard (D:4)
  A worker ant (D:4)
  Robin (D:4)
  An adder (D:2)
  An ooze (D:2)
  An adder skeleton (D:4)
  4 worms
  4 dart slugs
  10 orcs
  5 bats
  2 giant cockroaches
  8 hobgoblins
  3 jackals (D:1)
  6 kobolds
  A quokka (D:4)
  6 frilled lizards
  13 goblins
  A leopard gecko skeleton (D:4)
  4 rats
76 creatures vanquished.

Notes
Turn   | Place    | Note
-------+----------+-------------------------------------------
     0 | D:1      | Alarkh the Mummy Monk began the quest for the Orb.
     0 | D:1      | Reached XP level 1. HP: 18/18 MP: 1/1
   384 | D:1      | Reached XP level 2. HP: 24/24 MP: 2/2
  1461 | D:2      | Reached XP level 3. HP: 29/29 MP: 3/3
  1478 | D:2      | Reached skill level 3 in Long Blades
  2190 | D:3      | Reached XP level 4. HP: 26/35 MP: 4/4
  2370 | D:3      | Reached skill level 1 in Shields
  2729 | D:4      | Noticed Robin
  3006 | D:3      | Reached XP level 5. HP: 34/41 MP: 5/5
  3075 | D:4      | Killed Robin
  3213 | D:4      | Noticed a centaur
  3471 | D:4      | Killed a centaur
  3471 | D:4      | Reached skill level 4 in Long Blades
  3471 | D:4      | Reached XP level 6. HP: 35/48 MP: 6/6
  3496 | D:4      | HP: 1/48 [orc priest/divine providence (12)]
  3497 | D:5      | Entered Level 5 of the Dungeon
  3500 | D:5      | Slain by an orc

Vault maps used:
D:1:      eino_arrival_druids_welcome
D:4:      first_bread, nicolae_underground_beach, uniq_robin
D:5:      gup_sewer_entry_bowl

Skill      XL: |  1  2  3  4  5 |
---------------+----------------+-----
Long Blades    | 3 4 |  4.2
Dodging        | 3 |  3.4
Shields        | 1 |  1.9
Fighting       | |  3.9
Stealth        | |  1.5

Action                   |  1- 3 |  4- 6 || total
-------------------------+-------+-------++-------
Melee: Falchion          |   132 |   102 ||   234
       Short sword       |       |    40 ||    40
  Use: Scroll            |     5 |     2 ||     7
 Stab: Sleeping          |     8 |     5 ||    13
Armor: Robe              |    29 |    36 ||    65
Dodge: Dodged            |    79 |    96 ||   175
Block: Buckler           |    19 |    26 ||    45
       Rpst.: Falchion   |    24 |    29 ||    53
